 Dungeon Crawl Stone Soup version 0.29-a0-275-g389c0b56f3 (webtiles) character file.

Game seed: 18279195756060428849

4 shoop the Scratcher (level 1, 0/10 HPs)
             Began as a Felid Cinder Acolyte on Mar 9, 2022.
             Was a High Priest of Ignis.
             Frozen to death by an endoplasm (5 damage)
             ... on level 1 of the Dungeon.
             The game lasted 00:00:21 (295 turns).

shoop the Scratcher (Felid Cinder Acolyte)           Turns: 295, Time: 00:00:21

Health: 0/10       AC:  1    Str: 10    XL:     1   Next: 50%
Magic:  3/3        EV: 15    Int: 15    God:    Ignis [*****.]
Gold:   21         SH:  0    Dex: 11    Spells: 2/2 levels left
                                        Lives:  0   Deaths: 0

rFire   + . .      SeeInvis +     - Unarmed
rCold   . . .      Faith    .   (shield unavailable)
rNeg    . . .      Spirit   .   (body armour unavailable)
rPois   .          Reflect  .   (helmet unavailable)
rElec   .          Harm     .   (cloak unavailable)
rCorr   .          Rampage  .   (gloves unavailable)
Will    .....                   (boots unavailable)
Stlth   ++........              (no amulet)
HPRegen 0.03/turn               (no ring)
MPRegen 0.08/turn               (no ring)

@: quick
A: very small, claws 1, fangs 3, see invisible, speed 1, shaggy fur 1, stealthy
paws, no weapons or thrown items, no armour, multi-lived
a: Renounce Religion, Fiery Armour, Foxfire Swarm, Rising Flame


You were on level 1 of the Dungeon.
You worshipped Ignis.
Ignis was extremely pleased with you.
You visited 1 branch of the dungeon, and saw 1 of its levels.

You collected 21 gold pieces.

You aren't carrying anything.


   Skills:
 - Level 3.0 Fighting
 + Level 1.7 Stealth
 - Level 3.0 Unarmed Combat
 - Level 1.0 Spellcasting
 - Level 2.6 Fire Magic


You had 2 spell levels left.
You didn't know any spells.
Your spell library contained the following spells:

 Spells                   Type           Power      Damage    Failure   Level
 Scorch                   Fire           16%        2d5       12%         2


Dungeon Overview and Level Annotations

Branches:
Dungeon (1/15)

Altars:


Innate Abilities, Weirdness & Mutations

You have sharp claws.
You have razor-sharp teeth.
You have supernaturally acute eyesight. (SInv)
You cover ground quickly. (Speed+)
You are covered in fur. (AC +1)
Your paws help you pounce on unaware monsters.
You are incapable of wielding weapons or throwing items.
You cannot wear armour.
You gain extra lives every three experience levels.


Message History

No target in view!
There is a large open door here.
No target in view!
The dart slug misses you.
You scratch the dart slug. You bite the dart slug.
The dart slug is moderately wounded.
You scratch the dart slug.
The dart slug is almost dead.
The dart slug launches a dart at you. The slug dart hits you.
You scratch the dart slug.
You kill the dart slug!
Your Stealth skill increases to level 1!
No target in view!
No target in view!
HP restored.
You open the door.
Found 5 poisoned darts.
There is an open door here.
You now have 10 gold pieces.
You now have 21 gold pieces (gained 11).
A bat comes into view.
You pounce on the unaware helpless bat!
You claw the bat!
You kill the bat!
No target in view!
An endoplasm comes into view.
An endoplasm comes into view.
The endoplasm quivers.
The endoplasm quivers.
The endoplasm attacks as you move away! The endoplasm completely misses you.
You scratch the endoplasm but do no damage.
The endoplasm freezes you.
You are frozen.
You barely miss the endoplasm. The endoplasm hits you.
You scratch the endoplasm.
The endoplasm is lightly wounded.
The endoplasm freezes you.
You are frozen.
Ouch! That really hurt!
You die...

# ...# #.######...#
#.......... ........#
######## ......#
#....... #.####....#
#.###### .......J#
#.# ..##.#####J# #.#
#.##.# ###@#### #.#.#
## ###..#.###......#
#.#.# ≈##
#........#......#
#.#.# §≈#
#........#......#
#.#.#
§≈###........#......#
#.#.#
#§≈##........###.####
#.#.# §§§##.....>..#
#.# #.#.#
.§.'.........#
#.#######.#.#
.§.'...[.....#
#.........#.#


You could see 2 endoplasms.

Vanquished Creatures
  A dart slug (D:1)
  A bat (D:1)
2 creatures vanquished.

Notes
Turn   | Place    | Note
-------+----------+-------------------------------------------
     0 | D:1      | shoop the Felid Cinder Acolyte began the quest for the Orb.
     0 | D:1      | Reached XP level 1. HP: 10/10 MP: 3/3
   122 | D:1      | Reached skill level 1 in Stealth
   295 | D:1      | Frozen to death by an endoplasm

Illustrated notes

Levels and vault maps discovered:
D:1:      lightli_molten_gateway, layout_basic, serial_bayou_pond_b

Skill      XL: |  1 |
---------------+----+-----
Stealth        | 1 |  1.7
Fighting       | |  3.0
Unarmed Combat | |  3.0
Spellcasting   | |  1.0
Fire Magic     | |  2.6

Action                   || total
-------------------------++-------
Melee: Unarmed           ||     7
       Bite              ||     1
 Stab: Sleeping          ||     1
Dodge: Dodged            ||     2

Table legend: (Time is in decaauts)
 A = Elapsed time spent in this place.
 B = Non-inter-level travel time spent in this place.
 C = Inter-level travel time spent in this place.
 D = Time resting spent in this place.
 E = Time spent auto-exploring this place.
 F = Levels seen in this place.
 G = Mean time per level.
                   A        B        C        D        E       F      G
               +--------+--------+--------+--------+--------+-----+--------+
         Total |    274 |    274 |      0 |    100 |    149 |   1 |  274.0 |
       Dungeon |    274 |    274 |      0 |    100 |    149 |   1 |  274.0 |
               +--------+--------+--------+--------+--------+-----+--------+

Top non-repeatable levels by time:
     D:1: 274 daAuts
